AoeStats
← DK_Odysseo

Arabia

505740388Analyzed
3v3 RM · 21d ago on Sep 10, 2026· 31m 0s· 6 players
Game mode
Random Map
Map size
Normal (6 player)
Population
200
Speed
Normal
Resources
Standard
Victory
Conquest
Starting age
Dark Age
Ending age
Imperial Age
RankedLock teamsTeams togetherTeam positionsShared explorationLock speedFull tech treeHidden civsTurbo modeCheats
Victory
Defeat
🇨🇱 Mongols · Chile
1660
+10
🇪🇸 Tupi · Spain
1655
+10
🇪🇸 Lithuanians · Spain
1575
+14
🇦🇷 Tatars · Argentina
1605
-14
🇦🇷 Poles · Argentina
1553
-12
🇦🇷 Cumans · Argentina
1425
-8
Revvv
5:56 Loom
9:03 Feudal Age
9:38 Double-Bit Axe
11:34 Town Watch
15:29 Fletching
26:32 Castle Age
24:43 Horse Collar
26:20 Padded Archer Armor
26:36 Crossbowman
27:39 Bodkin Arrow
__16_Bacalao_ARG
6:07 Loom
9:10 Feudal Age
10:48 Double-Bit Axe
15:59 Padded Archer Armor
17:24 Fletching
25:13 Castle Age
25:17 Crossbowman
25:56 Bodkin Arrow
26:43 Leather Archer Armor
29:24 Ballistics
29:45 Thumb Ring
__92_Deimos_Arg
8:59 Feudal Age
9:32 Double-Bit Axe
9:53 Horse Collar
15:22 Scale Barding Armor
19:40 Forging
25:21 Castle Age
24:17 Forging
24:24 Bloodlines
26:26 Chain Barding Armor
26:26 Bow Saw
26:18 Husbandry
DK_Nightclaim
6:33 Loom
8:53 Feudal Age
13:10 Fletching
24:00 Castle Age
22:35 Gold Mining
22:27 Horse Collar
24:03 Crossbowman
24:46 Bodkin Arrow
26:59 Ballistics
27:05 Padded Archer Armor
DK_Odysseo
6:43 Loom
8:55 Feudal Age
9:26 Double-Bit Axe
13:48 Fletching
18:45 Wheelbarrow
21:13 Castle Age
19:29 Horse Collar
19:40 Gold Mining
21:51 Town Watch
21:28 Crossbowman
22:05 Bodkin Arrow
23:40 Bow Saw
24:56 Ballistics
25:09 Padded Archer Armor
DK_Partyman96
6:41 Loom
8:51 Feudal Age
9:34 Man-at-Arms
13:21 Double-Bit Axe
16:29 Horse Collar
19:59 Scale Barding Armor
20:17 Bloodlines
24:33 Castle Age
22:57 Forging
24:36 Light Cavalry
25:39 Chain Barding Armor
25:31 Bow Saw
Connection lost

Rejoining the realm…

Still unreachable

The connection could not be restored.

Session expired

The server has moved on; the page needs a fresh start.